 Dungeon Crawl Stone Soup version 0.29-a0-2-g12fcac58f8 (webtiles) character file.

Game seed: 6328254347208345882

1177 Cecur the Destroyer (level 8, -4/43 HPs)
             Began as a Tengu Conjurer on Jan 26, 2022.
             Killed from afar by a gargoyle (8 damage)
             ... with a stone arrow
             ... on level 5 of the Dungeon.
             The game lasted 00:31:37 (6031 turns).

Cecur the Destroyer (Tengu Conjurer)                Turns: 6031, Time: 00:31:38

Health: -4/43      AC:  4    Str:  8    XL:     8   Next: 41%
Magic:  5/17       EV: 15    Int: 20    God:
Gold:   238        SH:  0    Dex: 13    Spells: 11/18 levels left

rFire   . . .      SeeInvis .   (no weapon)
rCold   . . .      Faith    .   (no shield)
rNeg    . . .      Spirit   .   a - +0 robe
rPois   .          Reflect  .   o - +2 hat
rElec   .          Harm     .   w - scarf {+Inv}
rCorr   .          Rampage  .   (no gloves)
Will    .....                   (boots unavailable)
Stlth   ++........              (no amulet)
HPRegen 0.14/turn               (no ring)
MPRegen 0.15/turn               (no ring)

@: brilliant, flying quickly and evasively, quick
A: beak, talons 3, nimble flight
a: Evoke Invisibility


You were on level 5 of the Dungeon.
You visited 1 branch of the dungeon, and saw 5 of its levels.

You collected 238 gold pieces.

Inventory:

Missiles
 k - 5 datura-tipped darts (quivered)
Armour
 a - a +0 robe (worn)
 o - a +2 hat (worn)
 w - a scarf of invisibility (worn)
 x - a +1 pair of boots
Wands
 v - a wand of paralysis (2)
Scrolls
 b - a scroll of magic mapping {unknown}
 c - 2 scrolls of brand weapon {unknown}
 d - 2 scrolls of fog {unknown}
 e - 2 scrolls of fear {unknown}
 h - a scroll of immolation {unknown}
 j - 2 scrolls of summoning {unknown}
 n - a scroll of blinking {unknown}
 p - a scroll of noise {unknown}
 q - a scroll of acquirement {unknown}
 r - a scroll of teleportation {unknown}
 u - a scroll of holy word {unknown}
Potions
 f - a potion of invisibility
 i - a potion of resistance
 l - 3 potions of curing
 s - 2 potions of flight
 t - a potion of magic


   Skills:
 + Level 1.3 Fighting
 + Level 3.0 Dodging
 + Level 3.3 Stealth
 + Level 5.9 Spellcasting
 + Level 10.2 Conjurations


You had 11 spell levels left.
You knew the following spells:

 Your Spells              Type           Power      Damage    Failure   Level
a - Magic Dart            Conj           100%       1d8       1%          1
b - Searing Ray           Conj           100%       2d8       1%          2
c - Fulminant Prism       Conj/Hex       19%        3d11      13%         4

Your spell library contained the following spells:

 Spells                   Type           Power      Damage    Failure   Level
 Foxfire                  Conj/Fire      100%       2x1d9     1%          1
 Conjure Flame            Conj/Fire      39%        6-21      3%          3
 Dazzling Flash           Conj/Hex       78%        N/A       3%          3
 Flame Wave               Conj/Fire      39%        2d9       13%         4
 Iskenderun's Mystic Bla  Conj/Tloc      39%        2d9       13%         4
 Inner Flame              Hex/Fire       9%         N/A       30%         3


Dungeon Overview and Level Annotations

Branches:
Dungeon (5/15)
 Temple: D:4-7

Altars:
Fedhas
Xom


Innate Abilities, Weirdness & Mutations

You have a beak for a mouth.
You have claws for feet.
Your magical nature lets you fly swiftly and evasively.


Message History

Aim: a gargoyle, wielding a +0 flail (lightly damaged, 92% to hit)
You feel a surge of power!
The searing ray hits the gargoyle!
The gargoyle is heavily damaged. (Press . to maintain the ray.)
The gargoyle completely misses you.
The searing ray hits the gargoyle but does no damage.
The gargoyle is heavily damaged.
The gargoyle barely misses you.
The searing ray hits the gargoyle.
The gargoyle is severely damaged.
The gargoyle misses you.
Casting: Searing Ray (safe; 1% risk of failure)
Confirm with . or Enter, or press ? or * to list all spells.
Restarting spell: Searing Ray (safe; 1% risk of failure)
Press: ? - help, Shift-Dir - straight line, f/p - gargoyle
Aim: a gargoyle, wielding a +0 flail (severely damaged, 92% to hit)
You feel a surge of power!
The searing ray hits the gargoyle but does no damage.
The gargoyle is severely damaged. (Press . to maintain the ray.)
The gargoyle closely misses you.
The searing ray hits the gargoyle but does no damage.
The gargoyle is severely damaged.
The gargoyle hits you with a +0 flail.
* * * LOW HITPOINT WARNING * * *
The searing ray hits the gargoyle.
The gargoyle is almost destroyed.
The gargoyle barely misses you.
Casting: Searing Ray (safe; 1% risk of failure)
Confirm with . or Enter, or press ? or * to list all spells.
Restarting spell: Searing Ray (safe; 1% risk of failure)
Press: ? - help, Shift-Dir - straight line, f/p - gargoyle
Aim: a gargoyle, wielding a +0 flail (almost destroyed, 92% to hit)
You feel a surge of power!
The searing ray hits the gargoyle but does no damage.
The gargoyle is almost destroyed. (Press . to maintain the ray.)
The gargoyle hurls a stone arrow at you.
The stone arrow hits you!
You die...

## #. .#
#################.#####
#.#.#..##..........#...
......##..###..9...##.###
...9...##..9..##@..##...#
.......##......#.####<..#
..†..))).........÷##..###
.#....#..........÷(...###
#...##....####.)#......#
##.###.#### ####....###
#.. #.# ###.## .... ...
###..# ...# #..# #....#


You could see a gargoyle.

Vanquished Creatures
  Menkaure (D:5)
  3 necrophages (D:4)
  2 ogres (D:4)
  A scorpion (D:5)
  A water moccasin skeleton (D:4)
  2 jellies (D:4)
  2 centaur zombies (D:4)
  An orc priest (D:5)
  2 scorpion zombies (D:4)
  Ijyb (D:4)
  Natasha (thrice) (D:4)
  An iguana (D:4)
  An orc wizard (D:5)
  A hound zombie (D:4)
  5 adders (D:2)
  An ufetubus (D:4)
  3 worms
  5 dart slugs
  2 orcs (D:5)
  11 endoplasms
  3 giant cockroaches
  6 goblins
  11 hobgoblins
  13 jackals
  10 kobolds
  3 quokkas
  7 ball pythons
  4 bats
  6 frilled lizards
  9 rats
121 creatures vanquished.

Vanquished Creatures (others)
  A bush (D:4)
  7 fulminant prisms
  6 fungi (D:3)
  12 plants (D:4)
26 creatures vanquished.

Grand Total: 147 creatures vanquished

Notes
Turn   | Place    | Note
-------+----------+-------------------------------------------
     0 | D:1      | Cecur the Tengu Conjurer began the quest for the Orb.
     0 | D:1      | Reached XP level 1. HP: 10/10 MP: 4/4
   172 | D:1      | Reached XP level 2. HP: 15/15 MP: 1/6
   441 | D:1      | Reached skill level 6 in Conjurations
   629 | D:1      | Reached XP level 3. HP: 19/19 MP: 5/7
  1480 | D:2      | Reached XP level 4. HP: 24/24 MP: 4/9
  2295 | D:2      | Reached skill level 7 in Conjurations
  2447 | D:2      | Gained mutation: Your magical nature lets you fly swiftly
                  | and evasively. [Tengu growth]
  2447 | D:2      | Reached XP level 5. HP: 28/28 MP: 5/10
  2641 | D:2      | Learned a level 2 spell: Searing Ray
  2859 | D:3      | Found a shimmering altar of Xom.
  3466 | D:4      | Noticed Natasha
  3474 | D:4      | Killed Natasha
  3475 | D:4      | Reached XP level 6. HP: 33/33 MP: 4/12
  3554 | D:4      | Noticed Natasha
  3559 | D:4      | Killed Natasha
  3786 | D:4      | Noticed Natasha
  3789 | D:4      | Killed Natasha
  3881 | D:4      | Noticed Ijyb
  3898 | D:4      | Killed Ijyb
  3899 | D:4      | Reached skill level 8 in Conjurations
  4050 | D:4      | Reached XP level 7. HP: 33/37 MP: 5/14
  4748 | D:4      | Reached skill level 1 in Fighting
  5164 | D:4      | Found a blossoming altar of Fedhas.
  5190 | D:4      | Learned a level 4 spell: Fulminant Prism
  5278 | D:4      | Reached skill level 5 in Spellcasting
  5283 | D:4      | Reached skill level 9 in Conjurations
  5566 | D:4      | Reached XP level 8. HP: 43/43 MP: 5/17
  5723 | D:5      | Entered Level 5 of the Dungeon
  5753 | D:5      | Noticed Menkaure
  5774 | D:5      | Killed Menkaure
  5893 | D:5      | Reached skill level 10 in Conjurations
  5915 | D:5      | Noticed a gargoyle
  6031 | D:5      | Killed from afar by a gargoyle

Illustrated notes

Levels and vault maps discovered:
D:1:      minmay_arrival_checkered_box, layout_loops_cross, chequers_mini_garden
D:2:      layout_basic, hangedman_feature_mirror, minmay_joined_circles
D:3:      layout_basic, mainiacjoe_overflow_cross_hatched, serial_bayou_pond_b
D:4:      layout_basic, fedhas_altar_decomposition, kennysheep_cross_bottleneck,
          minmay_strange_pillars, uniq_ijyb, uniq_natasha
D:5:      lemuel_ratsnest, layout_cave_pools, tgw_sif,
          nicolae_qazlal_general_emergency, nrook_mini_vaults,
          uniq_prince_ribbit1, uniq_menkaure

Skill      XL: |  1  2  3  4  5  6  7  8 |
---------------+-------------------------+-----
Conjurations   | 6 7 8 9 10 | 10.2
Spellcasting   | 3 4 5 |  5.9
Fighting       | 1 |  1.3
Stealth        | 3 |  3.3
Dodging        | 3 |  3.0

Action                   |  1- 3 |  4- 6 |  7- 9 || total
-------------------------+-------+-------+-------++-------
Melee: Unarmed           |     6 |     4 |     2 ||    12
       Kick              |     3 |     1 |     2 ||     6
       Peck              |     1 |     2 |     2 ||     5
 Cast: Magic Dart        |    74 |   125 |    36 ||   235
       Searing Ray       |       |    10 |    21 ||    31
       Fulminant Prism   |       |       |     7 ||     7
  Use: Scroll            |       |       |     7 ||     7
       Potion            |       |       |     2 ||     2
Armor: Robe              |     2 |     5 |     3 ||    10
Dodge: Dodged            |     7 |    28 |    18 ||    53

Table legend: (Time is in decaauts)
 A = Elapsed time spent in this place.
 B = Non-inter-level travel time spent in this place.
 C = Inter-level travel time spent in this place.
 D = Time resting spent in this place.
 E = Time spent auto-exploring this place.
 F = Levels seen in this place.
 G = Mean time per level.
                   A        B        C        D        E       F      G
               +--------+--------+--------+--------+--------+-----+--------+
         Total |   5846 |   5846 |      0 |    584 |   4137 |   5 | 1169.2 |
       Dungeon |   5846 |   5846 |      0 |    584 |   4137 |   5 | 1169.2 |
               +--------+--------+--------+--------+--------+-----+--------+

Top non-repeatable levels by time:
     D:4: 2327 daAuts
     D:2: 1495 daAuts
     D:1: 1178 daAuts
     D:3: 626 daAuts
     D:5: 220 daAuts
